General information
- name: BNet
- type: Ladder 1vs1/FFA
- host: Battle.net
- saver: Liko
map: TurtleRock
- players: 2
- length: 22:36
- speed: Fast
- version: 1.26 W3XP
- replay type: Public
» download(94 KB)
Players
team 1 (winner)

»
Liko (
green | 123 APM | 2786 actions | 22:36)
5 Death Knight
2 Death Coil
3 Unholy Aura
4 Dark Ranger
2 Silence
2 Life Drain
4 Pit Lord
2 Howl of Terror
2 Cleaving Attack
» actions
| Assign group hotkey | 65 | |
| Basic commands | 133 | |
| Build / train | 80 | |
| ESC pressed | 3 | |
| Enter build submenu | 13 | |
| Enter hero's abilities submenu | 13 | |
| Give item / drop item | 5 | |
| Right click | 907 | |
| Select / deselect | 679 | |
| Select group hotkey | 770 | |
| Use ability | 118 | |
2786 total
» units
| Acolyte | 3 | |
| Ghoul | 2 | |
| Crypt Fiend | 14 | |
| Frost Wyrm | 7 | |
26 total
» upgrades
| Burrow | 1 | |
| Unholy Armor | 1 | |
| Creature Carapace | 2 | |
| Freezing Breath | 1 | |
| Web | 1 | |
6 total
» buildings
| Graveyard | 1 | |
| Crypt | 1 | |
| Altar of Darkness | 1 | |
| Ziggurat | 5 | |
| Tomb of Relics | 1 | |
| Halls of the Dead | 1 | |
| Nerubian Tower | 4 | |
| Black Citadel | 1 | |
| Sacrificial Pit | 1 | |
| Boneyard | 1 | |
17 total
» build order
00:10 Graveyard
00:18 Crypt
00:49 Altar of Darkness
01:08 Ziggurat
01:55 Tomb of Relics
02:12 Ziggurat
03:42 Halls of the Dead
04:08 Nerubian Tower
04:29 Ziggurat
06:38 Black Citadel
08:22 Sacrificial Pit
09:12 Ziggurat
09:15 Boneyard
14:36 Nerubian Tower
14:36 Nerubian Tower
15:22 Ziggurat
17:13 Nerubian Tower
» items
| Rod of Necromancy | 3 | |
| Sacrificial Skull | 2 | |
| Orb of Corruption | 3 | |
| Potion of Healing | 2 | |
| Scroll of Town Portal | 2 | |
| Potion of Mana | 1 | |
13 total
team 2 (loser)

»
CarryOnFire (
yellow | 157 APM | 3538 actions | 22:34)
4 Demon Hunter
2 Mana Burn
2 Evasion
5 Pandaren Brewmaster
2 Drunken Haze
3 Breath of Fire
» actions
| Assign group hotkey | 39 | |
| Basic commands | 34 | |
| Build / train | 81 | |
| ESC pressed | 8 | |
| Enter build submenu | 18 | |
| Enter hero's abilities submenu | 10 | |
| Give item / drop item | 6 | |
| Right click | 1539 | |
| Select / deselect | 496 | |
| Select group hotkey | 1158 | |
| Use ability | 149 | |
3538 total
» units
| Wisp | 22 | |
| Archer | 4 | |
| Dryad | 7 | |
| Druid of the Claw | 5 | |
| Hippogryph | 7 | |
45 total
» upgrades
| Ultravision | 1 | |
| Druid of the Claw Training | 2 | |
| Abolish Magic | 1 | |
| Mark of the Claw | 1 | |
| Strength of the Wild | 2 | |
7 total
» buildings
| Altar of Elders | 2 | |
| Moon Well | 6 | |
| Ancient of War | 1 | |
| Tree of Ages | 1 | |
| Hunter's Hall | 1 | |
| Ancient of Wonders | 2 | |
| Ancient of Lore | 4 | |
| Tree of Eternity | 1 | |
| Ancient of Wind | 1 | |
| Tree of Life | 1 | |
20 total
» build order
00:10 Altar of Elders
00:22 Moon Well
00:27 Ancient of War
01:54 Moon Well
02:39 Moon Well
03:29 Tree of Ages
03:57 Hunter's Hall
04:21 Ancient of Wonders
05:46 Moon Well
05:59 Ancient of Lore
06:44 Tree of Eternity
06:46 Ancient of Lore
09:11 Ancient of Wind
11:31 Moon Well
14:43 Moon Well
16:06 Ancient of Wonders
16:25 Ancient of Lore
17:02 Tree of Life
21:26 Ancient of Lore
21:28 Altar of Elders
» items
| Boots of Speed | 1 | |
| Staff of Teleportation | 1 | |
| Potion of Lesser Invulnerability | 2 | |
| Staff of Preservation | 2 | |
| Dust of Appearance | 2 | |
| Orb of Venom | 1 | |
| Potion of Healing | 3 | |
| Lesser Clarity Potion | 2 | |
| Moonstone | 1 | |
| Anti-magic Potion | 1 | |
16 total
Chat log
(16:16 / All) CarryOnFire: leave noob
(16:17 / All) CarryOnFire: u lose